 Dungeon Crawl Stone Soup version 0.21.1-1-g345015fe64 (webtiles) character file.

266274 Kejsarherre the Fencer (level 20, -8/170 HPs)
             Began as a Formicid Fighter on May 3, 2018.
             Was the Champion of Makhleb.
             Killed from afar by an ogre mage (26 damage)
             ... with a bolt of lightning
             ... on level 2 of the Vaults.
             The game lasted 02:39:30 (33955 turns).

Kejsarherre the Fencer (Formicid Fighter)          Turns: 33955, Time: 02:39:33

Health: -8/170     AC: 25    Str: 23    XL:     20   Next: 93%
Magic:  32/32      EV:  8    Int: 16    God:    Makhleb [******]
Gold:   1826       SH: 18    Dex: 11    Spells: 23/32 levels left

rFire    + + .     SeeInvis +   a - +9 triple sword (protect)
rCold    + + .     Gourm    .   s - +0 shield {reflect}
rNeg     . . .     Faith    .   X - +2 plate armour {MR+}
rPois    .         Spirit   .   (helmet unavailable)
rElec    .         Reflect  +   w - scarf {rC+ rF+}
rCorr    .         Harm     .   I - +1 pair of gloves
MR       +++..                  F - +1 pair of boots
Stlth    ..........             e - +6 amulet of reflection
HPRegen  0.78/turn              T - ring of protection from fire
MPRegen  0.23/turn              y - +6 ring of slaying

@: lethally poisoned (-8 -> -9), very slightly contaminated, studying
Transmutations, invisible
A: permanent stasis, dig shafts and tunnels, four strong arms, antennae 3, cold
resistance 1, regeneration 1, strong 1
}: 2/15 runes: decaying, gossamer
a: Dig, Shaft Self, Minor Destruction, Lesser Servant of Makhleb, Major
Destruction, Greater Servant of Makhleb, Renounce Religion


You were on level 2 of the Vaults.
You worshipped Makhleb.
Makhleb was exalted by your worship.
You were not hungry.

You visited 7 branches of the dungeon, and saw 34 of its levels.
You also visited: Ice Cave.

You collected 3695 gold pieces.
You spent 1869 gold pieces at shops.

Inventory:

Hand Weapons
 a - a +9 triple sword of protection (weapon)
Armour
 l - a +0 large shield
 s - a +0 shield of reflection (worn)
 w - a scarf of resistance (worn)
 F - a +1 pair of boots (worn)
 I - a +1 pair of gloves (worn)
 K - the +4 ring mail "Weeqit" {rN+++ MP+9 Str+2 Dex+4}
   (You found it on level 13 of the Dungeon)

   It affects your strength (+2).
   It affects your dexterity (+4).
   It renders you almost immune to negative energy.
   It affects your magic capacity (+9).
 X - a +2 plate armour of magic resistance (worn)
Magical Staves
 n - an uncursed staff of wizardry
Jewellery
 b - an uncursed ring of positive energy
 e - a +6 amulet of reflection (around neck)
 y - a +6 ring of slaying (right hand)
 B - an uncursed ring of protection from cold
 O - an uncursed ring of protection from fire
 T - a ring of protection from fire (left hand)
Wands
 j - a wand of flame (66)
 p - a wand of acid (28)
 v - a wand of iceblast (34)
 D - a wand of clouds (5)
 R - a wand of digging (58)
Scrolls
 h - 13 scrolls of remove curse
 k - 7 scrolls of magic mapping
 m - a scroll of silence
 r - a scroll of enchant weapon
 u - 5 scrolls of fog
 z - 9 scrolls of identify
 J - a scroll of fear
 P - a scroll of summoning
 Q - 2 scrolls of holy word
Potions
 d - 2 potions of cancellation
 g - 6 potions of might
 i - 5 potions of ambrosia
 o - 3 potions of flight
 t - 2 potions of curing
 L - 4 potions of agility
 U - a potion of resistance
Books
 W - a manual of Transmutations
Miscellaneous
 S - a phantom mirror
 Y - a fan of gales (inert)
 Z - a box of beasts
Comestibles
 f - 57 rations


   Skills:
 + Level 17.7 Fighting
 + Level 19.0 Long Blades
 + Level 16.6 Armour
 - Level 9.3 Shields
 - Level 6.5 Spellcasting
 - Level 6.4 Charms
 - Level 6.4 Necromancy
 - Level 16.5 Invocations


You had 23 spell levels left.
You knew the following spells:

 Your Spells              Type           Power        Failure   Level  Hunger
a - Regeneration          Chrm/Necr      ####......   21%         3    ##.....
b - Animate Dead          Necr           N/A          56%         4    ####...
c - Song of Slaying       Chrm           ####....     11%         2    None


Dungeon Overview and Level Annotations

Branches:
Dungeon (15/15)            Temple (1/1) D:5            Lair (6/6) D:11
  Swamp (4/4) Lair:4       Spider (4/4) Lair:3        Slime (0/5) Lair:6
    Orc (2/2) D:9             Elf (0/3) Orc:2        Vaults (2/5) D:13
  Crypt (0/3) Vaults:2     Depths (0/5) D:15

Altars:
Dithmenos
Kikubaaqudgha
Makhleb
Qazlal
Ru
Sif Muna
Trog
Zin
Jiyva

Shops:
D:5 *   D:10 =   Orc:2 *}(}(   Vaults:1 }

Annotations:
D:13 1 runed door
Abyss:1 Maurice


Innate Abilities, Weirdness & Mutations

You cannot be hasted, slowed, berserked, paralysed or teleported.
You can dig through walls and to a lower floor.
Your four strong arms can wield two-handed weapons with a shield.
You have a pair of large antennae on your head. (SInv)
Your flesh is cold resistant. (rC+)
Your natural rate of healing is unusually fast.
Your muscles are strong. (Str +2)


Message History

You bump into the stone wall.
You feel sick.
Your hellwing hits the battlesphere. Your hellwing hits the battlesphere!
The tengu reaver hits you with an enchanted war axe.
* * * LOW HITPOINT WARNING * * *
The tengu reaver pecks you but does no damage.
The tengu reaver closely misses you.
Unknown command.
You're too confused!
You feel less invigorated.
You feel less confused.
Your skin stops crawling.
You feel sick.
The ogre mage hits you but does no damage.
Evoke which item? (* to show all) (? for menu, Esc to quit)
A fierce wind blows from the fan.
The battlesphere and the tengu reaver are blown away by the wind.
The tengu reaver blocks your hellwing's attack.
Your hellwing barely misses the tengu reaver.
The ogre mage gestures at you while chanting.
The bolt of lightning hits you!
You die...

..#...#.............#
..#...#...#.........#.[...#
..#[.##.............#.....#
.###.######.........#.....#
.....# #.....<...#.....+
###### #...)[....#.....# {
#...))....#.....+
##############[######.....#
................@..4.(....+
..((..............OQ......#
.......................)(.#
.....................*....#
.................[........#
######'##################'#
#.......# #....# #.......#
#...$# #.......# +####'#


You could see a tengu reaver, an ogre mage, a battlesphere and a friendly
hellwing.

Vanquished Creatures
  Mara (Spider:3)
  Xtahua (Vaults:1)
  Arachne (Spider:3)
  2 thorn hunters
  Gastronok (Lair:2)
  The ghost of Thargor the Fighter, an adept MiFi of Trog (Spider:3)
  The ghost of DildoBatman the Bewitcher, an adept FoWz of Sif Muna (Swamp:2)
  Donald (Spider:4)
  A tengu reaver (Vaults:2)
  A frost giant (IceCv)
  4 vault wardens (Vaults:1)
  3 ghost moths (Spider:4)
  4 emperor scorpions
  A juggernaut zombie (D:15)
  7 ironheart preservers
  4 entropy weavers
  A stone giant (Vaults:2)
  Nessos (Lair:5)
  A deep elf death mage (Vaults:1)
  A small abomination (Vaults:1)
  2 yaktaur captains (Vaults:1)
  The ghost of Saeniel the Fighter, a journeyman MiBe of Trog (Lair:2)
  The ghost of tensugalgo the Cleaver, a journeyman DsGl of Cheibriados (Orc:2)
  2 vault guards (Vaults:1)
  Erolcha (Orc:1)
  Erica (D:9)
  4 alligators
  5 catoblepae
  26 two-headed ogres
  A centaur warrior (Vaults:1)
  11 hydras
  A deep troll earth mage (Vaults:1)
  12 death yaks
  7 ogre magi
  Urug (Lair:3)
  Nergalle (D:11)
  Sonja (D:12)
  A deep elf knight (Vaults:1)
  A spriggan druid (Swamp:4)
  3 skeletal warriors
  A flayed ghost (D:15)
  A fire crab (Lair:5)
  4 shambling mangroves
  3 deep trolls (Vaults:1)
  3 deep elf archers
  3 unseen horrors (D:14)
  3 swamp dragons
  6 orc knights
  8 wizards
  An orb spider (shapeshifter) (Vaults:1)
  An ironbrand convoker (D:13)
  3 necromancers
  18 ugly things
  6 deep elf magi
  24 orb spiders
  2 orc sorcerers
  A stone giant zombie (Vaults:1)
  28 wolf spiders
  2 manticores (Lair:6)
  2 moths of wrath
  A frost giant skeleton (D:15)
  The ghost of Kejsarherre the Carver, a novice FoFi (D:6)
  A stone giant skeleton (Vaults:2)
  A guardian serpent (shapeshifter) (Vaults:1)
  An ice statue (IceCv)
  7 cyclopes
  5 black mambas
  3 vault sentinels
  A torpor snail (Spider:1)
  The ghost of Tegun the Chopper, a novice FoSk (D:5)
  2 gargoyles
  15 spiny frogs
  2 spiny frogs (shapeshifter)
  10 demonic crawlers
  2 human zombies
  12 komodo dragons
  A yaktaur zombie (D:15)
  3 rime drakes
  A rime drake (shapeshifter) (D:13)
  A swamp worm zombie (Swamp:4)
  6 yaktaurs
  An entropy weaver simulacrum (Vaults:2)
  A freezing wraith (D:15)
  A queen bee (D:11)
  4 trolls
  49 jumping spiders
  6 tyrant leeches
  19 polar bears
  A harpy skeleton (D:15)
  An ice dragon zombie (D:15)
  22 hornets
  Prince Ribbit (D:8)
  A hippogriff (shapeshifter) (Vaults:2)
  10 dream sheep
  7 blink frogs
  A meliai zombie (D:13)
  27 slime creatures
  9 hippogriffs
  3 bog bodies
  2 spriggans (Swamp:4)
  A shadow (Swamp:2)
  97 redbacks
  46 tarantellas
  An ettin skeleton (Vaults:1)
  A spriggan (shapeshifter) (Vaults:1)
  5 wyverns
  2 vampires
  3 wraiths
  A human (D:7)
  2 basilisks
  59 yaks
  3 hogs (D:7)
  A tyrant leech zombie (Swamp:4)
  7 vampire mosquitoes
  3 hungry ghosts
  15 swamp worms
  5 insubstantial wisps (Swamp:4)
  6 wargs
  An acid dragon (D:15)
  17 water moccasins
  17 orc warriors
  6 porcupines
  13 swamp drakes
  An orc zombie (Vaults:1)
  2 ice beasts
  A sky beast (D:13)
  2 eyes of draining
  A black bear (D:10)
  3 phantoms
  The ghost of supermoro the Slasher, an amateur MiGl (D:3)
  18 wolves
  36 ogres
  7 centaurs
  9 crocodiles
  A komodo dragon zombie (Swamp:4)
  25 bullfrogs
  A big kobold (D:9)
  2 wyvern zombies
  2 gnoll sergeants
  A deep troll simulacrum (Vaults:1)
  2 human skeletons (Vaults:2)
  32 killer bees
  6 scorpions
  8 wights
  2 electric eels
  2 howler monkeys (D:4)
  8 crimson imps
  2 centaur zombies
  2 quasits
  7 centaur skeletons
  3 jellies
  2 bullfrog skeletons
  A gnoll shaman (D:10)
  13 orc priests
  9 hounds
  16 orc wizards
  3 iguanas
  14 worker ants
  A hound zombie (D:8)
  2 hound skeletons
  A mummy (D:5)
  A worker ant zombie (D:5)
  16 gnolls
  11 adders
  3 shadow imps
  12 white imps (Lair:1)
  2 oozes
  3 worms
  2 dart slugs
  10 leopard geckos
  73 orcs
  2 ball pythons
  4 giant cockroaches
  7 goblins
  7 hobgoblins
  11 jackals
  14 kobolds
  3 quokkas
  9 bats
  7 frilled lizards
  A leopard gecko skeleton (D:7)
  2 quokka skeletons
  6 rats
  3 briar patches
  A butterfly (Lair:5)
1255 creatures vanquished.

Vanquished Creatures (collateral kills)
  Boris (Vaults:1)
  Saint Roka (Orc:2)
  A thorn hunter (Swamp:4)
  An entropy weaver (Spider:4)
  A spark wasp (Spider:2)
  A yaktaur captain (Vaults:2)
  A vault guard (D:13)
  8 hydras (Swamp:4)
  A rakshasa (D:13)
  2 catoblepae
  A death knight (D:13)
  A spriggan druid (Swamp:4)
  5 swamp dragons (Swamp:4)
  A necromancer (Swamp:4)
  2 wizards (D:13)
  A wolf spider (Spider:4)
  An orb spider (Spider:4)
  A yaktaur (Vaults:1)
  2 polar bears (IceCv)
  2 hornets (Swamp:4)
  2 jumping spiders (Spider:1)
  7 redbacks
  A spriggan (Swamp:4)
  A basilisk (Lair:6)
  A yak (Lair:6)
  3 vampire mosquitoes (Swamp:4)
  A hungry ghost (D:10)
  A water moccasin (Lair:6)
  3 swamp drakes (Swamp:4)
  A crocodile (Lair:6)
  3 killer bees (D:10)
  A jelly (D:13)
  An orc priest (D:10)
  A worker ant (D:10)
  A crocodile zombie (Swamp:4)
  An orc (D:10)
  A briar patch (Swamp:4)
65 creatures vanquished.

Vanquished Creatures (others)
  A deep elf archer (Vaults:1)
  A vault sentinel (Vaults:1)
  A yaktaur (Vaults:1)
  A polar bear (IceCv)
  A blink frog (Swamp:3)
  2 redbacks (Spider:4)
  A yak (IceCv)
  An orc warrior (Orc:2)
  A wolf (IceCv)
  2 centaurs (D:8)
  An orc wizard (D:9)
  A goblin (D:2)
  2 briar patches (Swamp:1)
  9 fungi
  5 plants
  A withered plant (D:15)
31 creatures vanquished.

Grand Total: 1351 creatures vanquished

Notes
Turn   | Place    | Note
-------+----------+-------------------------------------------
     0 | D:1      | Kejsarherre the Formicid Fighter began the quest for the Orb.
     0 | D:1      | Reached XP level 1. HP: 18/18 MP: 1/1
   117 | D:1      | Reached XP level 2. HP: 23/24 MP: 2/2
   298 | D:1      | Reached skill level 3 in Long Blades
   325 | D:1      | Reached XP level 3. HP: 29/29 MP: 3/3
   649 | D:1      | You fall through a shaft!
   652 | D:2      | You fall through a shaft for 2 floors!
   652 | D:4      | Noticed an ogre
   662 | D:4      | Killed an ogre
   662 | D:4      | Reached skill level 5 in Long Blades
   662 | D:4      | Reached XP level 4. HP: 33/35 MP: 4/4
   662 | D:4      | Reached XP level 5. HP: 39/41 MP: 5/5
   880 | D:4      | Noticed an ice beast
   900 | D:4      | Killed an ice beast
   900 | D:4      | Reached skill level 6 in Long Blades
   900 | D:4      | Reached XP level 6. HP: 19/47 MP: 6/6
  1189 | D:5      | Entered Level 5 of the Dungeon
  1193 | D:5      | Noticed Tegun's ghost (novice FoSk)
  1360 | D:4      | Reached XP level 7. HP: 15/52 MP: 7/7
  1367 | D:4      | Reached skill level 7 in Long Blades
  1866 | D:4      | Reached skill level 8 in Long Blades
  1879 | D:4      | Got a polished war axe {pain}
  1880 | D:4      | Identified the cursed +1 war axe of the Distant Future {pain, rF+} (You took it off an orc wizard on level 4 of the Dungeon)
  2341 | D:5      | Reached XP level 8. HP: 30/58 MP: 8/8
  2470 | D:5      | Reached skill level 9 in Long Blades
  2982 | D:5      | Found a glowing silver altar of Zin.
  3003 | D:5      | Found Otawul's Assorted Antiques.
  3167 | D:5      | Found a staircase to the Ecumenical Temple.
  3175 | Temple   | Entered the Ecumenical Temple
  3185 | Temple   | Became a worshipper of Makhleb the Destroyer
  3404 | D:5      | Reached skill level 10 in Long Blades
  3520 | D:6      | Noticed Kejsarherre's ghost (novice FoFi)
  3717 | D:4      | Reached XP level 9. HP: 64/64 MP: 9/9
  3893 | D:4      | Reached skill level 1 in Invocations
  4218 | D:3      | Noticed supermoro's ghost (amateur MiGl)
  4234 | D:3      | Killed supermoro's ghost
  4251 | D:3      | Reached * piety under Makhleb
  5436 | D:2      | Reached ** piety under Makhleb
  5532 | D:2      | You fall through a shaft!
  5535 | D:3      | You fall through a shaft for 2 floors!
  5682 | D:6      | Killed Kejsarherre's ghost
  5682 | D:6      | Reached skill level 5 in Shields
  5792 | D:5      | Killed Tegun's ghost
  5792 | D:5      | Reached skill level 5 in Fighting
  5792 | D:5      | Reached skill level 5 in Armour
  6157 | D:7      | Noticed a hippogriff
  6166 | D:7      | Killed a hippogriff
  6166 | D:7      | Reached XP level 10. HP: 74/74 MP: 13/13
  6946 | D:8      | Noticed Prince Ribbit
  7127 | D:8      | Reached *** piety under Makhleb
  7172 | D:8      | Killed Prince Ribbit
  7408 | D:8      | Found an ancient bone altar of Kikubaaqudgha.
  7708 | D:9      | Reached XP level 11. HP: 73/86 MP: 14/14
  8084 | D:9      | Noticed Erica
  8093 | D:9      | Killed Erica
  8174 | D:9      | Found a staircase to the Orcish Mines.
  8235 | D:9      | You fall through a shaft for 3 floors!
  8238 | D:12     | Noticed Sonja
  8287 | D:12     | Reached **** piety under Makhleb
  8390 | D:10     | Entered Level 10 of the Dungeon
  8401 | D:10     | Noticed a two-headed ogre
  8414 | D:10     | Reached skill level 5 in Invocations
  8436 | D:10     | Killed a two-headed ogre
  8554 | D:10     | Noticed a two-headed ogre
  8938 | D:10     | Found Jym Unuo's Jewellery Shoppe.
  8938 | D:10     | Noticed a two-headed ogre
  8948 | D:11     | Killed a two-headed ogre
  9481 | D:10     | Gained mutation: Your natural rate of healing is unusually fast. [potion of mutation]
  9481 | D:10     | Gained mutation: Your flesh is cold resistant. (rC+) [potion of mutation]
  9481 | D:10     | Gained mutation: Your muscles are strong. (Str +2) [potion of mutation]
  9530 | D:10     | Noticed a two-headed ogre
  9543 | D:10     | Killed a two-headed ogre
  9543 | D:10     | Reached skill level 10 in Fighting
  9543 | D:10     | Reached skill level 10 in Armour
  9543 | D:10     | Reached XP level 12. HP: 97/97 MP: 15/17
  9558 | D:10     | Killed a two-headed ogre
  9908 | D:11     | Reached ***** piety under Makhleb
 10213 | D:11     | Found a staircase to the Lair.
 10316 | D:11     | Noticed a two-headed ogre
 10328 | D:11     | Killed a two-headed ogre
 10491 | D:12     | Noticed a two-headed ogre
 10498 | D:12     | Killed a two-headed ogre
 10525 | D:12     | Noticed Nergalle
 10574 | D:11     | Killed Nergalle
 10640 | D:12     | Killed Sonja
 11451 | D:13     | Got a steaming jade amulet
 11461 | D:13     | Identified the amulet "Ifigeam" {Harm *Drain Str+6 Int+4} (You found it on level 13 of the Dungeon)
 11473 | D:13     | Found a runed door.
 11475 | D:13     | Noticed a crystal guardian
 11475 | D:13     | Noticed a stone giant
 11476 | D:13     | Noticed a frost giant
 11476 | D:13     | Noticed an ettin
 11476 | D:13     | Noticed a skeletal warrior
 11476 | D:13     | Noticed a rakshasa
 11513 | D:13     | Killed a rakshasa
 11513 | D:13     | Reached XP level 13. HP: 71/106 MP: 20/20
 11760 | D:13     | Noticed Maurice
 11772 | D:13     | Banished Maurice
 11910 | D:13     | Reached skill level 10 in Invocations
 12011 | Lair:1   | Entered Level 1 of the Lair of Beasts
 12252 | Lair:1   | Found a frozen archway.
 12287 | IceCv    | Entered an ice cave
 12949 | IceCv    | Noticed a frost giant
 13004 | IceCv    | Killed a frost giant
 13062 | IceCv    | Learned a level 3 spell: Regeneration
 13067 | IceCv    | Learned a level 4 spell: Animate Dead
 14098 | Lair:2   | Reached XP level 14. HP: 93/116 MP: 22/22
 14328 | Lair:2   | Reached skill level 1 in Spellcasting
 14328 | Lair:2   | Reached skill level 1 in Charms
 14338 | Lair:2   | Reached skill level 1 in Necromancy
 14384 | Lair:2   | Found the +8 whip "Snakebite" {curare, rPois}
 14460 | Lair:2   | Noticed Saeniel's ghost (journeyman MiBe)
 14493 | Lair:2   | Killed Saeniel's ghost
 14559 | Lair:2   | Noticed Gastronok
 14583 | Lair:2   | Killed Gastronok
 15119 | Lair:3   | Found a hole to the Spider Nest.
 15253 | Lair:3   | Reached skill level 11 in Long Blades
 15386 | Lair:3   | Noticed Urug
 15399 | Lair:3   | Killed Urug
 16399 | Lair:4   | Got a crude robe
 16551 | Lair:4   | Found a staircase to the Swamp.
 16720 | Lair:4   | Identified a scroll of acquirement
 16721 | Lair:4   | Identified the +2 robe of Watut {rF+ Str+4} (You found it on level 4 of the Lair of Beasts)
 17109 | Lair:5   | Noticed Nessos
 17126 | Lair:5   | Killed Nessos
 17384 | Lair:6   | Entered Level 6 of the Lair of Beasts
 17508 | Lair:6   | Reached XP level 15. HP: 110/125 MP: 23/23
 17559 | Lair:6   | Reached skill level 5 in Spellcasting
 17559 | Lair:6   | Reached skill level 5 in Charms
 17595 | Lair:6   | Reached skill level 5 in Necromancy
 18556 | Lair:6   | Reached skill level 12 in Long Blades
 18701 | Lair:6   | Found a viscous altar of Jiyva.
 18701 | Lair:6   | Found a staircase to the Slime Pits.
 18903 | Orc:1    | Entered Level 1 of the Orcish Mines
 19071 | Orc:2    | Entered Level 2 of the Orcish Mines
 19166 | Orc:1    | Noticed Erolcha
 19179 | Orc:1    | Killed Erolcha
 19357 | Orc:2    | Noticed tensugalgo's ghost (journeyman DsGl)
 19496 | Orc:2    | Killed tensugalgo's ghost
 19510 | Orc:2    | Found Angic's General Store.
 19604 | Orc:2    | Noticed Saint Roka
 19624 | Orc:1    | Reached XP level 16. HP: 107/134 MP: 25/25
 19863 | Orc:1    | Reached ****** piety under Makhleb
 20081 | Orc:2    | Found Boedwoiwyl's Gadget Shop.
 20081 | Orc:2    | Found Hyhecr Puesch's Gadget Emporium.
 20082 | Orc:2    | Found Heiraol's Antique Weapon Shoppe.
 20082 | Orc:2    | Found Biecs's Weapon Shop.
 20128 | Orc:2    | Found a staircase to the Elven Halls.
 20373 | Orc:1    | You fall through a shaft!
 20481 | Orc:2    | Killed Saint Roka
 20481 | Orc:2    | Reached skill level 15 in Invocations
 20997 | D:10     | Bought a +6 ring of slaying for 1869 gold pieces
 21615 | D:13     | Got a faintly humming ring mail
 21637 | D:13     | Identified the +4 ring mail "Weeqit" {rN+++ MP+9 Str+2 Dex+4} (You found it on level 13 of the Dungeon)
 22281 | D:13     | Found a gate to the Vaults.
 23046 | D:15     | Entered Level 15 of the Dungeon
 23114 | D:15     | Reached XP level 17. HP: 135/140 MP: 29/29
 23199 | D:15     | Found a staircase to the Depths.
 23220 | D:15     | Reached skill level 13 in Long Blades
 24023 | Spider:1 | Entered Level 1 of the Spider Nest
 24256 | Spider:1 | Reached skill level 14 in Long Blades
 24408 | Spider:1 | Learned a level 2 spell: Song of Slaying
 25530 | Spider:2 | Reached skill level 15 in Long Blades
 25572 | Spider:2 | Got a transparent ring mail
 25583 | Spider:2 | Identified the +4 ring mail of the Harvest Moon {rC++ Str-3} (You found it on level 2 of the Spider Nest)
 26330 | Spider:2 | Reached skill level 16 in Long Blades
 26488 | Spider:2 | Reached XP level 18. HP: 104/147 MP: 30/30
 26960 | Spider:3 | Noticed Arachne
 27010 | Spider:3 | Killed Arachne
 27356 | Spider:3 | Noticed Thargor's ghost (adept MiFi)
 27372 | Spider:3 | Killed Thargor's ghost
 27395 | Spider:3 | Noticed Mara
 27412 | Spider:3 | Killed Mara
 27440 | Spider:4 | Entered Level 4 of the Spider Nest
 27591 | Spider:4 | Reached skill level 17 in Long Blades
 27674 | Spider:4 | Reached skill level 15 in Fighting
 28818 | Spider:4 | Reached XP level 19. HP: 135/155 MP: 31/31
 28927 | Spider:4 | Noticed Donald
 28942 | Spider:4 | Killed Donald
 29004 | Spider:4 | Got a gossamer rune of Zot
 29342 | Swamp:1  | Entered Level 1 of the Swamp
 29862 | Swamp:2  | Noticed DildoBatman's ghost (adept FoWz)
 29876 | Swamp:2  | Killed DildoBatman's ghost
 30660 | Swamp:3  | Reached skill level 15 in Armour
 31159 | Swamp:4  | Entered Level 4 of the Swamp
 31185 | Swamp:4  | Reached skill level 18 in Long Blades
 31852 | Swamp:4  | Got a decaying rune of Zot
 32145 | Vaults:1 | Entered Level 1 of the Vaults
 32177 | D:13     | Reached XP level 20. HP: 166/166 MP: 32/32
 32563 | Vaults:1 | Found Wiuveosi's Gadget Shop.
 33529 | Vaults:2 | Found a shadowy altar of Dithmenos.
 33574 | Vaults:2 | Noticed Xtahua
 33575 | Vaults:2 | Noticed Boris
 33596 | Vaults:1 | Killed Xtahua
 33614 | Vaults:1 | Killed Boris
 33821 | Vaults:2 | Found a staircase to the Crypt.
 33843 | Vaults:2 | Reached skill level 19 in Long Blades
 33951 | Vaults:2 | HP: 8/170 [tengu reaver/enchanted war axe (1)]
 33955 | Vaults:2 | Killed from afar by an ogre mage

Skill      XL: |  1  2  3  4  5  6  7  8  9 10 11 12 13 14 15 16 17 18 19 20 |
---------------+-------------------------------------------------------------+-----
Long Blades    | 3 5 6 8 10 11 12 16 17 18 19 | 19.0
Invocations    | 4 6 9 11 12 16 | 16.5
Shields        | 6 8 9 |  9.3
Fighting       | 5 7 10 11 12 13 14 15 16 17 | 17.7
Armour         | 5 7 10 11 13 14 15 16 | 16.6
Spellcasting   | 4 6 |  6.5
Charms         | 4 6 |  6.4
Necromancy     | 4 6 |  6.4

Action                   |  1- 3 |  4- 6 |  7- 9 | 10-12 | 13-15 | 16-18 | 19-21 || total
-------------------------+-------+-------+-------+-------+-------+-------+-------++-------
Melee: Long sword        |   109 |    83 |   534 |   342 |       |       |       ||  1068
       Scimitar          |       |       |       |   563 |  1518 |   602 |       ||  2683
       Great sword       |       |       |       |       |       |   476 |       ||   476
       Triple sword      |       |       |       |       |       |   337 |   852 ||  1189
 Cast: Regeneration      |       |       |       |       |    13 |    54 |    29 ||    96
Invok: Minor Destruction |       |       |    12 |    70 |    44 |   106 |    68 ||   300
       Lesser Servant of |       |       |       |     7 |     9 |    13 |     5 ||    34
       Major Destruction |       |       |       |       |       |     3 |       ||     3
       Greater Servant o |       |       |       |       |       |     2 |     3 ||     5
 Abil: Shaft Self        |     2 |       |     2 |       |       |     1 |       ||     5
       Dig               |     1 |       |     3 |     8 |    18 |    17 |     2 ||    49
Evoke: Fan of gales      |       |       |       |       |       |     1 |     1 ||     2
  Use: Potion            |     1 |     5 |     1 |     1 |     2 |     9 |     6 ||    25
       Scroll            |       |       |     5 |    10 |     8 |    20 |     1 ||    44
 Stab: Petrified         |       |       |       |       |     2 |     4 |       ||     6
       Distracted        |       |       |       |       |     1 |     8 |     1 ||    10
       Petrifying        |       |       |       |       |     1 |       |       ||     1
  Eat: Chunk             |       |     3 |    16 |    15 |    27 |    14 |     6 ||    81
       Ration            |       |       |       |     3 |     2 |     8 |     5 ||    18
Armor: Scale mail        |    45 |    20 |   111 |    14 |       |       |       ||   190
       Plate armour      |       |       |       |   203 |   566 |   608 |   201 ||  1578
       Chain mail        |       |       |       |       |       |   448 |   365 ||   813
Dodge: Dodged            |    25 |     7 |    87 |   120 |   237 |   448 |   214 ||  1138
Block: Shield            |    96 |    55 |   353 |   723 |  1187 |   951 |   631 ||  3996
       Reflection        |     4 |       |     7 |    23 |    19 |     5 |    44 ||   102
       Rpst.: Long sword |     5 |     1 |    23 |    13 |       |       |       ||    42
       Scimitar          |       |       |       |    21 |    67 |    21 |       ||   109
       Great sword       |       |       |       |       |       |    28 |       ||    28
       Triple sword      |       |       |       |       |       |    29 |    48 ||    77
